 Dungeon Crawl Stone Soup version 0.30-a0-1114-gd936c97349 (webtiles) character file.

Game seed: 12232999371290202010

81 cforsyth the Shield-Bearer (level 4, -2/38 HPs)
             Began as a Demigod Fighter on Apr 20, 2023.
             Succumbed to an orc wizard's poison
             ... on level 3 of the Dungeon.
             The game lasted 00:02:31 (2176 turns).

cforsyth the Shield-Bearer (Demigod Fighter)        Turns: 2176, Time: 00:02:32

Health: -2/38      AC: 14    Str: 21    XL:     4   Next: 0%
Magic:  6/6        EV:  7    Int: 10    God:
Gold:   155        SH:  4    Dex: 13    Spells: 3/3 levels left

rFire   . . .      SeeInvis .    a - +0 flail
rCold   . . .      Faith    .    c - +0 buckler
rNeg    . . .      Spirit   .    s - +0 chain mail
rPois   .          Reflect  .    (no helmet)
rElec   .          Rampage  .    (no cloak)
rCorr   .                        q - +0 pair of gloves
Will    .....                    (no boots) Stlth
                                 (no amulet)
HPRegen 0.26/turn                p - +4 ring of protection
MPRegen 0.10/turn                (no ring)

@: mighty, lethally poisoned (-2 -> -18)
A: high MP 1, forlorn, divine attributes
a: no special abilities


You were on level 3 of the Dungeon.
You visited 1 branch of the dungeon, and saw 3 of its levels.

You collected 155 gold pieces.

Inventory:

Hand Weapons
 a - a +0 flail (weapon)
Armour
 b - a +0 scale mail
 c - a +0 buckler (worn)
 q - a +0 pair of gloves (worn)
 s - a +0 chain mail (worn)
Jewellery
 p - a +4 ring of protection (left hand)
Wands
 r - a wand of charming (8)
Scrolls
 f - 4 scrolls of enchant armour {unknown}
 g - 2 scrolls of blinking {unknown}
 i - 4 scrolls of identify {unknown}
 j - a scroll of immolation {unknown}
 l - 2 scrolls of teleportation {unknown}
 n - a scroll of silence {unknown}
 t - 2 scrolls of vulnerability {unknown}
 u - a scroll of fear {unknown}
Potions
 d - 2 potions of might
 h - a potion of heal wounds {unknown}
 k - a potion of cancellation {unknown}
 m - a potion of magic {unknown}
 o - 2 potions of lignification {unknown}
 v - a potion of degeneration {unknown}


   Skills:
 + Level 3.2 Fighting
 + Level 2.5 Maces & Flails
 + Level 3.2 Armour
 + Level 3.2 Shields


You had 3 spell levels left.
You didn't know any spells.
Your spell library contained the following spells:

 Spells                   Type           Power      Damage    Failure   Level
 Magic Dart               Conj           0%         1d3       98%         1
 Call Imp                 Summ           0%         N/A       99%         2
 Sublimation of Blood     Necr           0%         N/A       99%         2
 Wereblood                Tmut           0%         N/A       99%         2
 Mephitic Cloud           Conj/Pois/Air  0%         N/A       100%        3
 Summon Hydra             Summ           0%         N/A       100%        7


Dungeon Overview and Level Annotations

Branches:
Dungeon (3/15)

Annotations:
D:2 Terence


Innate Abilities, Weirdness & Mutations

You have an increased reservoir of magic. (+10% MP)
You shall have no god before yourself.
Your divine heritage dramatically boosts your attributes as you level up.


Message History

You feel very sick.
You hear some strange, mumbled words.
Something tries to affect you, but you resist.
You closely miss something.
You feel sick. Something hits you.
* * * LOW HITPOINT WARNING * * *
You are lethally poisoned!
You block something's attack.
You closely miss something.
* * * LOW HITPOINT WARNING * * *
You feel very sick. Something hits you but does no damage.
You are more poisoned.
It was a potion of curing.
You feel better.
You hear some strange, mumbled words.
You are confused.
You bump into the rock wall.
Something hits you but does no damage.
You are poisoned.
You bump into the rock wall.
You feel sick. Something hits you but does no damage.
You are more poisoned.
You completely miss something.
* * * LOW HITPOINT WARNING * * *
You feel very sick. Something completely misses you.
You feel very mighty all of a sudden.
* * * LOW HITPOINT WARNING * * *
You feel sick.
You hear some strange, mumbled words.
Something tries to affect you, but you resist.
You completely miss something.
* * * LOW HITPOINT WARNING * * *
You feel very sick.
You hear some strange, mumbled words.
Something tries to affect you, but you resist.
Something hits you.
* * * LOW HITPOINT WARNING * * *
You are more poisoned.
You barely miss something.
You feel less confused.
You die...

. #.###...###'###+###+###.# ..
#......####.....#.......#
..............o..............#
..............##....##.>.....#
........).....##.............#
..........####..#........#
..........# #...#.......#
..........#####..#.#..####
#..........{@......##.##
........######.##.....# .....
#....##### >... #..### ...
#..# .. #####..#### .
#.........# #.........#
#.........#


There were no monsters in sight!

Vanquished Creatures
  4 adders
  3 worms (D:2)
  4 orcs
  2 bats
  2 endoplasms
  A giant cockroach (D:1)
  3 goblins
  3 hobgoblins
  2 ball pythons
  2 frilled lizards
  5 kobolds
  4 rats
35 creatures vanquished.

Notes
Turn   | Place    | Note
-------+----------+-------------------------------------------
     0 | D:1      | cforsyth the Demigod Fighter began the quest for the Orb.
     0 | D:1      | Reached XP level 1. HP: 18/18 MP: 3/3
   394 | D:1      | Reached XP level 2. HP: 24/25 MP: 4/4
  1092 | D:2      | Noticed Terence
  1610 | D:2      | Reached XP level 3. HP: 28/31 MP: 5/5
  2152 | D:3      | Reached XP level 4. HP: 37/38 MP: 6/6
  2176 | D:3      | Succumbed to an orc wizard's poison

Illustrated notes

Levels and vault maps discovered:
D:1:      mainiacjoe_arrival_reflecting_pool, layout_loops_ring,
          chequers_mini_garden, minmay_tall_x
D:2:      layout_basic, uniq_terence
D:3:      layout_rooms, nicolae_tso_carved_into_rock,
          mainiacjoe_overflow_24_doors, serial_shops, shop

Skill      XL: |  1  2 |
---------------+-------+-----
Maces & Flails | 2 |  2.5
Fighting       | 3 |  3.2
Armour         | 3 |  3.2
Shields        | 3 |  3.2

Action                     |  1- 3 |  4- 6 || total
---------------------------+-------+-------++-------
  Melee: Flail             |   134 |    11 ||   145
    Use: Potion            |       |     2 ||     2
 Armour: Scale mail        |    37 |       ||    37
         Chain mail        |    30 |     5 ||    35
  Dodge: Dodged            |    58 |     3 ||    61
  Block: Buckler           |    29 |     2 ||    31

Table legend: (Time is in decaauts)
 A = Elapsed time spent in this place.
 B = Non-inter-level travel time spent in this place.
 C = Inter-level travel time spent in this place.
 D = Time resting spent in this place.
 E = Time spent auto-exploring this place.
 F = Levels seen in this place.
 G = Mean time per level.
                   A        B        C        D        E       F      G
               +--------+--------+--------+--------+--------+-----+--------+
         Total |   2225 |   2062 |    163 |    365 |   1238 |   3 |  741.7 |
       Dungeon |   2225 |   2062 |    163 |    365 |   1238 |   3 |  741.7 |
               +--------+--------+--------+--------+--------+-----+--------+

Top non-repeatable levels by time:
     D:1: 1086 daAuts
     D:2: 784 daAuts
     D:3: 354 daAuts
